 Dungeon Crawl Stone Soup version 0.31-a0-202-g547052bce9 (webtiles) character file.

Game seed: 11709153475246401799

46252 lunkers the Impaler (level 15, -4/195 HPs)
             Began as a Meteoran Wanderer on June 26, 2023.
             Was a High Priest of Trog.
             Slain by a nagaraja
             ... wielding a +0 halberd
              (5 damage)
             ... on level 4 of the Snake Pit.
             The game lasted 00:26:41 (7871 turns).

lunkers the Impaler (Meteoran Wanderer)             Turns: 7871, Time: 00:26:42

Health: -4/195     AC: 21    Str: 28    XL:     15   Next: 16%
Magic:  16/16      EV: 20    Int: 15    God:    Trog [*****.]
Gold:   362        SH:  0    Dex: 13    Spells: 14/14 levels left

rFire   . . .        b - +7 halberd of Dooj {drain, rPois rCorr Stlth+}
rCold   + . .        (shield currently unavailable)
rNeg    . . .        u - +6 scale mail "Qerufae" {Str+4}
rPois   +            (no helmet)
rElec   .            o - +0 cloak
rCorr   +            k - +1 pair of gloves
SInv    .            I - +0 pair of boots of Xom's Righteous Anger {+Inv Int+2}
Will    +....        t - amulet of the acrobat Stlth
                     y - +5 ring of evasion
HPRegen 0.52/turn    F - ring of protection from cold
MPRegen 0.15/turn

%: acrobat
@: berserking (expiring), lethally poisoned (-4 -> -5), glowing, very quick
A: sense surroundings 2, otherworldly, glowing, explore regen
a: Renounce Religion, Evoke Invisibility, Berserk, Trog's Hand, Brothers in Arms


You were on level 4 of the Snake Pit.
You worshipped Trog.
Trog was extremely pleased with you.
You visited 4 branches of the dungeon, and saw 18 of its levels.
You also visited: Sewer and Ossuary.

You collected 704 gold pieces.
You spent 342 gold pieces at shops.

Inventory:

Hand Weapons
 a - a +1 bardiche of freezing
 b - the +7 halberd of Dooj (weapon) {drain, rPois rCorr Stlth+}
   (You acquired it on level 3 of the Lair of Beasts)

   rPois:     It protects you from poison.
   rCorr:     It protects you from acid and corrosion.
   Stlth:     It makes you more stealthy.
Missiles
 s - 2 throwing nets
Armour
 k - a +1 pair of gloves (worn)
 o - a +0 cloak (worn)
 u - the +6 scale mail "Qerufae" (worn) {Str+4}
   (You found it on level 5 of the Dungeon)

   Str:       It affects your strength (+4).
 x - a +0 buckler
 A - a +1 kite shield of resistance
 I - the +0 pair of boots of Xom's Righteous Anger (worn) {+Inv Int+2}
   (You bought it in a shop on level 3 of the Snake Pit)

   Int:       It affects your intelligence (+2).
   +Inv:      It lets you turn invisible.
Jewellery
 g - an amulet of magic regeneration
 r - a ring of magical power
 t - an amulet of the acrobat (around neck)
 y - a +5 ring of evasion (left hand)
 B - a ring of see invisible
 F - a ring of protection from cold (right hand)
Wands
 c - a wand of polymorph (6)
 v - a wand of flame (33)
 E - a wand of paralysis (5)
 G - a wand of light (14)
Scrolls
 l - 7 scrolls of revelation
 n - a scroll of teleportation
 q - a scroll of fog
Potions
 d - 2 potions of attraction
 e - a potion of mutation
 f - 7 potions of haste
 h - a potion of magic
 i - 2 potions of lignification
 j - 2 potions of might
 m - 9 potions of curing
 p - a potion of resistance
 w - a potion of cancellation
 z - 2 potions of enlightenment
 C - 2 potions of heal wounds
 D - a potion of invisibility {unknown}
 H - 2 potions of berserk rage
Miscellaneous
 J - a phial of floods


   Skills:
 + Level 11.5 Fighting
 - Level 2.4(13.2) Axes
 + Level 19.7(19.8) Polearms
 - Level 1.2 Throwing
 + Level 12.5 Armour
 - Level 11.1 Dodging
 - Level 6.9 Evocations


You had 14 spell levels left.
You didn't know any spells.
Your spell library contained the following spells:

 Spells                   Type           Power      Damage    Failure   Level
 Blink                    Tloc           0%         N/A       58%         2
 Cigotuvi's Dreadful Rot  Necr/Pois/Air  0%         N/A       58%         2
 Ensorcelled Hibernation  Hex/Ice        0%         N/A       58%         2
 Lesser Beckoning         Tloc           0%         N/A       58%         2
 Momentum Strike          Conj/Tloc      0%         3d8       58%         2
 Passwall                 Tmut/Erth      0%         N/A       58%         2
 Swiftness                Air            0%         N/A       82%         3
 Dispel Undead            Necr           0%         3d6       99%         4
 Death Channel            Necr           0%         N/A       100%        6


Dungeon Overview and Level Annotations

Branches:
Dungeon (8/15) Zot: 1060   Temple (1/1) D:4 Zot: 360    Lair (5/5) D:8 Zot: 730
 Shoals (0/4) Lair:3        Snake (4/4) Lair:3 Zot: 1593   Sewer (visited)
Ossuary (visited)
  Slime: Lair:4-5

Altars:
Elyvilon
Fedhas
Hepliaklqana
Kikubaaqudgha
Qazlal
Ru
Sif Muna
Trog
Uskayaw
Vehumet
Wu Jian
Xom
Zin
The Shining One

Shops:
D:7 !   D:8 *   Snake:3 [=

Annotations:
D:7 2 transporters
Lair:3 exclusion: oklob plant


Innate Abilities, Weirdness & Mutations

You passively map the area around you.
You are easily found by Zot.
You glow in the dark.
You regain HP and MP as you explore.


Message History

The nagaraja is moderately wounded.
The nagaraja barely misses you.
Unknown command.
Reach: b) +7 halberd of Dooj {drain, rPois rCorr Stlth+}
Press: ? - help, Dir - move target, f/p - nagaraja
Aim: a nagaraja, wielding a +0 halberd and wearing a +0 robe (moderately wounded, fast, catching its breath, lightly drained, about 27% to evade the +7 halberd of Dooj)
You reach to attack!
You barely miss the nagaraja.
The nagaraja is moderately wounded.
* * * LOW HITPOINT WARNING * * *
You feel sick.
Reach: b) +7 halberd of Dooj {drain, rPois rCorr Stlth+}
Press: ? - help, Dir - move target, f - salamander, p - nagaraja
Aim: a salamander, wielding a +0 shortbow of flaming (about 20% to evade the +7 halberd of Dooj)
You reach to attack!
You puncture the salamander!
The salamander is moderately wounded.
Reach: b) +7 halberd of Dooj {drain, rPois rCorr Stlth+}
Press: ? - help, Dir - move target, f/p - salamander
Aim: a salamander, wielding a +0 shortbow of flaming (moderately wounded, about 20% to evade the +7 halberd of Dooj)
You reach to attack!
You hit the salamander but do no damage.
The salamander is moderately wounded.
* * * LOW HITPOINT WARNING * * *
You feel sick.
Reach: b) +7 halberd of Dooj {drain, rPois rCorr Stlth+}
Press: ? - help, Dir - move target, f/p - salamander
Aim: a salamander, wielding a +0 shortbow of flaming (moderately wounded, about 20% to evade the +7 halberd of Dooj)
You puncture the salamander! You drain the salamander.
The salamander is heavily wounded.
Unknown command.
Reach: b) +7 halberd of Dooj {drain, rPois rCorr Stlth+}
Press: ? - help, Dir - move target, f/p - salamander
Aim: a salamander, wielding a +0 shortbow of flaming (heavily wounded, lightly drained, about 20% to evade the +7 halberd of Dooj)
You slice the salamander!!
The salamander is almost dead.
* * * LOW HITPOINT WARNING * * *
You feel sick.
The nagaraja seems less drained.
The salamander unwields a +0 shortbow of flaming.
It stops flaming.
The salamander closely misses you.
The nagaraja hits you from afar with a +0 halberd.
You die...

......# * , , * .....# ,
, ** , ,#..N.## , ,, * *
, #....#.## ,,,, * ** ,,
, #....##.# , , #....##.#
,, , , *#..
#....##.####** ,
....#N.N.##.##.# #######
......#NNN##@##.###.....#
,,
.........S##N##..#......#
,
......#...#NN#...).#....#
,
.....##..........†##..###
..... ##..#......##..## ,
, .... #.##.....##..## ..
####.##.##..## ,, , *
#.##.###.## , ,
*#.##.###.##


You could see 2 nagarajas and a salamander (drained).

Vanquished Creatures
  3 nagarajas (Snake:4)
  2 hydras
  2 anacondas (Snake:3)
  2 naga warriors
  3 shock serpents
  A naga sharpshooter (Snake:1)
  A skyshark (Lair:2)
  A sea snake (Snake:3)
  2 mana vipers
  A manticore (Lair:3)
  4 elephants (Lair:3)
  4 naga magi
  14 black mambas
  A torpor snail (Lair:5)
  2 rime drakes
  9 komodo dragons
  18 cane toads
  Maggie (D:7)
  A polar bear (Lair:4)
  3 tyrant leeches (Lair:5)
  Grinder (D:5)
  A wind drake (Lair:3)
  Prince Ribbit (D:6)
  2 hornets (D:8)
  24 blink frogs
  A dream sheep (Lair:4)
  43 yaks
  4 basilisks
  A wyvern (Lair:3)
  A steam dragon (D:8)
  4 vampire mosquitoes (Lair:5)
  4 nagas
  Duvessa (D:4)
  15 water moccasins
  5 orc warriors (D:8)
  5 black bears
  A sky beast (D:7)
  2 ogres
  A centaur (D:8)
  A kobold brigand (D:7)
  Blork the orc (D:6)
  13 bullfrogs
  An elf zombie (Ossuary)
  3 scorpions
  6 wights (D:7)
  Dowan (D:4)
  9 killer bees
  An electric eel (Lair:5)
  A centaur zombie (Ossuary)
  2 hounds (D:6)
  3 orc priests
  Natasha (twice) (D:2)
  2 sleepcaps (D:6)
  2 iguanas
  3 orc wizards (D:7)
  2 mummies (Ossuary)
  3 gnolls (D:6)
  3 river rats
  12 adders
  An ufetubus (D:6)
  3 adder zombies (Ossuary)
  8 worms
  3 dart slugs (D:3)
  40 orcs
  10 ball pythons
  7 endoplasms
  4 giant cockroaches
  5 goblins
  8 hobgoblins
  A quokka (D:4)
  3 frilled lizards
  2 goblin zombies (Ossuary)
  11 hobgoblin zombies (Ossuary)
  A jackal zombie (Ossuary)
  16 kobolds
  10 kobold zombies (Ossuary)
  5 orc zombies (Ossuary)
  7 rats
  2 rat zombies (Ossuary)
410 creatures vanquished.

Notes
Turn   | Place    | Note
-------+----------+-------------------------------------------
     0 | D:1      | lunkers the Meteoran Wanderer began the quest for the Orb.
     0 | D:1      | lunkers set off with the following items: a +0 trident, a
                  | +0 hand axe, a wand of polymorph (6), a potion of
                  | attraction, a +0 leather armour.
     0 | D:1      | Reached XP level 1. HP: 14/14 MP: 2/2
    62 | D:1      | Reached skill level 3 in Polearms
    62 | D:1      | Reached XP level 2. HP: 20/20 MP: 3/3
    92 | D:1      | You fall into a shaft and drop 1 floor!
   285 | D:2      | Reached skill level 4 in Polearms
   285 | D:2      | Reached XP level 3. HP: 12/26 MP: 4/4
   360 | D:2      | Noticed Natasha
   382 | D:2      | HP: 1/26 [cerulean imp/+2 spear[Natasha] (3)]
   383 | D:2      | Killed Natasha
   384 | D:2      | Reached skill level 5 in Polearms
   384 | D:2      | Reached XP level 4. HP: 1/33 MP: 5/5
   432 | D:2      | Noticed Natasha
   443 | D:2      | Killed Natasha
   444 | D:2      | Reached XP level 5. HP: 26/38 MP: 6/6
   639 | D:3      | Reached skill level 6 in Polearms
   749 | D:3      | Found a glowing drain.
   767 | Sewer    | Entered a sewer
   870 | Sewer    | Reached XP level 6. HP: 45/45 MP: 7/7
   945 | Sewer    | Reached skill level 7 in Polearms
  1538 | D:4      | Found a staircase to the Ecumenical Temple.
  1551 | Temple   | Entered the Ecumenical Temple
  1724 | Temple   | Became a worshipper of Trog the Wrathful
  1856 | D:4      | Reached skill level 8 in Polearms
  1856 | D:4      | Reached XP level 7. HP: 44/50 MP: 8/8
  1917 | D:4      | Noticed Dowan
  1917 | D:4      | Noticed Duvessa
  1936 | D:4      | Killed Duvessa
  1940 | D:4      | Killed Dowan
  1941 | D:4      | Reached skill level 9 in Polearms
  1969 | D:4      | Found a shimmering blue altar of Sif Muna.
  2106 | D:5      | Entered Level 5 of the Dungeon
  2106 | D:5      | Noticed Grinder
  2122 | D:5      | Killed Grinder
  2123 | D:5      | Reached skill level 10 in Polearms
  2123 | D:5      | Reached XP level 8. HP: 57/57 MP: 9/9
  2324 | D:5      | Identified the +6 scale mail "Qerufae" {Str+4}
  2453 | D:5      | Reached skill level 11 in Polearms
  2456 | D:6      | Found an ancient bone altar of Kikubaaqudgha.
  2505 | D:6      | Reached * piety under Trog
  2602 | D:6      | Noticed Blork the orc
  2609 | D:6      | Killed Blork the orc
  2620 | D:6      | Noticed Prince Ribbit
  2637 | D:6      | Killed Prince Ribbit
  2638 | D:6      | Reached skill level 12 in Polearms
  2638 | D:6      | Gained mutation: You passively map the area around you.
                  | [Meteoran growth]
  2638 | D:6      | Reached XP level 9. HP: 44/62 MP: 10/10
  2723 | D:6      | Reached skill level 13 in Polearms
  3003 | D:7      | Noticed Maggie
  3025 | D:7      | Killed Maggie
  3081 | D:7      | Reached skill level 1 in Fighting
  3138 | D:7      | Found Uda Woge's Distillery.
  3147 | D:7      | Found a transporter.
  3170 | D:7      | Found a transporter.
  3221 | D:7      | Reached XP level 10. HP: 73/73 MP: 11/11
  3243 | D:7      | Reached ** piety under Trog
  3558 | D:8      | Reached skill level 5 in Dodging
  3708 | D:8      | Reached skill level 5 in Armour
  3727 | D:8      | Found a hazy altar of Hepliaklqana.
  3770 | D:8      | Reached skill level 5 in Fighting
  3784 | D:8      | Found a staircase to the Lair.
  3853 | D:8      | Found a sand-covered staircase.
  3864 | Ossuary  | Entered an ossuary
  3874 | Ossuary  | Reached *** piety under Trog
  4312 | D:8      | Found Ischai's Demolitions Depot.
  4393 | D:8      | Reached XP level 11. HP: 79/89 MP: 12/12
  4493 | D:8      | Reached **** piety under Trog
  4669 | Lair:1   | Entered Level 1 of the Lair of Beasts
  5086 | Lair:2   | Noticed a skyshark
  5098 | Lair:2   | Killed a skyshark
  5099 | Lair:2   | Reached XP level 12. HP: 103/103 MP: 13/13
  5295 | Lair:2   | Reached skill level 10 in Dodging
  5343 | Lair:2   | Reached skill level 5 in Evocations
  5362 | Lair:3   | Reached skill level 10 in Armour
  5594 | Lair:3   | Found a staircase to the Shoals.
  5665 | Lair:3   | Reached XP level 13. HP: 73/113 MP: 14/14
  5846 | Lair:4   | Reached skill level 10 in Fighting
  5857 | Lair:4   | Reached ***** piety under Trog
  6036 | Lair:4   | Identified a scroll of acquirement
  6036 | Lair:4   | Acquired a +0 bardiche of freezing
  6340 | Lair:5   | Entered Level 5 of the Lair of Beasts
  6358 | Lair:5   | Reached skill level 14 in Polearms
  6431 | Lair:5   | Reached skill level 15 in Polearms
  6475 | Lair:5   | Noticed a six-headed hydra
  6488 | Lair:5   | Killed a nine-headed hydra
  6489 | Lair:5   | Reached skill level 16 in Polearms
  6563 | Lair:5   | Reached skill level 17 in Polearms
  6641 | Lair:5   | Reached XP level 14. HP: 93/121 MP: 15/15
  6731 | Lair:5   | Reached skill level 18 in Polearms
  6937 | Lair:3   | Acquired the +7 halberd of Dooj {drain, rPois rCorr Stlth+}
  6994 | Lair:3   | Found a staircase to the Snake Pit.
  7019 | Snake:1  | Entered Level 1 of the Snake Pit
  7073 | Snake:1  | HP: 6/122 [constriction (3)]
  7349 | Snake:2  | Reached skill level 19 in Polearms
  7622 | Snake:3  | Found Sugrinn's Jewellery Emporium.
  7649 | Snake:3  | Found Liosoam's Antique Armour Shop.
  7658 | Snake:3  | Bought a pair of ichor-stained boots for 342 gold pieces
  7658 | Snake:3  | Identified the +0 pair of boots of Xom's Righteous Anger
                  | {+Inv Int+2} (You bought it in a shop on level 3 of the
                  | Snake Pit)
  7760 | Snake:4  | Entered Level 4 of the Snake Pit
  7796 | Snake:4  | Noticed a nagaraja
  7806 | Snake:4  | Killed a nagaraja
  7807 | Snake:4  | Reached XP level 15. HP: 99/130 MP: 16/16
  7823 | Snake:4  | Noticed a nagaraja
  7825 | Snake:4  | Noticed a nagaraja
  7828 | Snake:4  | Noticed a nagaraja
  7832 | Snake:4  | Noticed a nagaraja
  7860 | Snake:4  | Killed a nagaraja
  7863 | Snake:4  | Killed a nagaraja
  7865 | Snake:4  | HP: 3/195 [nagaraja/bolt of poison (12)]
  7871 | Snake:4  | HP: 1/195 [poisoned by a nagaraja (splash of poison)]
  7871 | Snake:4  | Slain by a nagaraja

Illustrated notes

Levels and vault maps discovered:
D:1:      psy_arrival_spokes, layout_loops_ring, ebering_ecumenical_altar_ruins
D:2:      cheibrodos_helix_gallery, layout_basic, uniq_natasha
D:3:      layout_basic, gup_sewer_entry_bubbles,
          minmay_fractal_squares_gapless_5
D:4:      layout_rooms, amcnicky_altar_gilded, temple_green,
          minmay_misc_feat_encased, skrybe_limestone_x, st_stairs_8,
          uniq_duvessa
D:5:      layout_cave_pools, hangedman_decor_diamond_cutter, uniq_grinder
D:6:      nicolae_cairo_tiling_large_dashed, layout_basic, nemelex_altar_shiori,
          minitemple, kennysheep_doodads, uniq_prince_ribbit1,
          uniq_blork_the_orc
D:7:      gammafunk_steamed_eel, layout_loops_ring, serial_shops, shop,
          hangedman_abyss_or_decor_stabs, uniq_maggie, uniq_crazy_yiuf_cottage
D:8:      layout_gridville, overflow_temple_1_default,
          due_lair_maze_entry_diamond, enter_ossuary_1, special_room
          [special_room_orc], nicolae_blasting_shop
Temple:   chequers_temple_sunken
Lair:1:   layout_layer_cave
Lair:2:   layout_gridlike
Lair:3:   layout_long_grid, minmay_shoals_entry_beasts,
          nicolae_snake_entry_squirm, gauntlet_entry_generic,
          minmay_lair_oklob_bushes, lemuel_fruit_tree, uniq_urug
Lair:4:   nzn_winding_woodlands_three_and_one
          [nzn_winding_woodlands_5x15_crooked,
          nzn_winding_woodlands_5x15_lazy_stream,
          nzn_winding_woodlands_5x15_default,
          nzn_winding_woodlands_center_lodge], layout_small_grid,
          infiniplex_staircase_pool_2
Lair:5:   minmay_lair_end_frog_pond, layout_gridlike,
          minmay_slime_entry_oklob_open, nicolae_lair_lil_pond
Snake:1:  layout_misc_corridors, grunt_megastairs_3
Snake:2:  layout_gridlike
Snake:3:  layout_basic, serial_shops, shop, shop, nicolae_stop_n_shop_2,
          serial_bayou_pond_e, minmay_snake_pond
Snake:4:  grunt_snake_rune_spirals, layout_onion, serial_bayou_ford_a,
          statue_in_the_mist_lemuel, st_stairs_6

Skill      XL: |  1  2  3  4  5  6  7  8  9 10 11 12 13 14 |
---------------+-------------------------------------------+-----
Polearms       | 3 4 5 6 8 10 12 13 17 19 | 19.7
Fighting       | 2 6 8 9 10 11 | 11.5
Armour         | 2 6 9 10 12 | 12.5
Dodging        | 3 6 9 10 11 | 11.1
Evocations     | 3 6 |  6.9
Axes           | |  2.4
Throwing       | |  1.2

Action                     |  1- 3 |  4- 6 |  7- 9 | 10-12 | 13-15 || total
---------------------------+-------+-------+-------+-------+-------++-------
  Melee: Trident           |   104 |   227 |   262 |   847 |   102 ||  1542
         Punch             |       |     1 |       |       |       ||     1
         Bardiche          |       |       |       |       |   269 ||   269
         Halberd           |       |       |       |       |   198 ||   198
 Invoke: Berserk           |       |       |     1 |     9 |     5 ||    15
         Trog's Hand       |       |       |       |       |     7 ||     7
  Evoke: Wand              |       |       |       |       |     1 ||     1
    Use: Scroll            |       |     9 |     3 |     5 |    11 ||    28
         Potion            |       |       |     2 |       |     1 ||     3
 Armour: Plate armour      |    81 |    93 |    57 |       |       ||   231
         Skin              |       |       |     3 |       |       ||     3
         Scale mail        |       |       |    46 |   198 |   185 ||   429
  Dodge: Dodged            |    27 |    31 |    71 |   357 |   421 ||   907
  Block: Buckler           |       |       |     3 |    57 |    12 ||    72

Table legend: (Time is in decaauts)
 A = Elapsed time spent in this place.
 B = Non-inter-level travel time spent in this place.
 C = Inter-level travel time spent in this place.
 D = Time resting spent in this place.
 E = Time spent auto-exploring this place.
 F = Levels seen in this place.
 G = Mean time per level.
                   A        B        C        D        E       F      G
               +--------+--------+--------+--------+--------+-----+--------+
         Total |   7651 |   7510 |    141 |     65 |   3962 |  20 |  382.5 |
       Dungeon |   3740 |   3660 |     80 |      0 |   2250 |   8 |  467.5 |
        Temple |    239 |    239 |      0 |      0 |    176 |   1 |  239.0 |
          Lair |   2269 |   2208 |     61 |     65 |    820 |   5 |  453.8 |
     Snake Pit |    805 |    805 |      0 |      0 |    436 |   4 |  201.2 |
         Sewer |    382 |    382 |      0 |      0 |    198 |   1 |  382.0 |
       Ossuary |    214 |    214 |      0 |      0 |     80 |   1 |  214.0 |
               +--------+--------+--------+--------+--------+-----+--------+

Top non-repeatable levels by time:
     D:8: 812 daAuts
  Lair:4: 708 daAuts
     D:3: 588 daAuts
  Lair:5: 513 daAuts
     D:6: 506 daAuts
     D:2: 505 daAuts
     D:7: 479 daAuts
  Lair:3: 442 daAuts
     D:4: 415 daAuts
   Sewer: 382 daAuts
 Snake:3: 357 daAuts
     D:5: 338 daAuts
  Lair:1: 309 daAuts
  Lair:2: 295 daAuts
  Temple: 239 daAuts
